 Dungeon Crawl Stone Soup version 0.21.1-1-g345015f (webtiles) character file.

63 inc the Scratcher (level 3, 0/17 HPs)
             Began as a Felid Chaos Knight on Feb 23, 2018.
             Slain by a bullfrog zombie (2 damage)
             ... on level 4 of the Dungeon.
             The game lasted 00:06:08 (2931 turns).

inc the Scratcher (Felid Chaos Knight)              Turns: 2931, Time: 00:06:09

Health: 0/17       AC:  4    Str:  8    XL:     3   Next: 87%
Magic:  4/4        EV: 18    Int: 14    God:    Xom [....*.]
Gold:   76         SH:  0    Dex: 13    Spells: 2/2 levels left
                                        Lives:  0   Deaths: 1

rFire    . . .     SeeInvis +     - Unarmed
rCold    . . .     Gourm    .   (shield unavailable)
rNeg     . . .     Faith    .   (armour unavailable)
rPois    .         Spirit   .   (helmet unavailable)
rElec    .         Reflect  .   (cloak unavailable)
rCorr    .         Harm     .   (gloves unavailable)
MR       .....                  (boots unavailable)
Stlth    ++........             (no amulet)
HPRegen  0.05/turn              b - +2 ring of strength
MPRegen  0.09/turn              (no ring)

@: quick
A: very small, no armour, no weapons or thrown items, stealth, claws 1, fangs 3,
slimy green scales 1, see invisible, carnivore, clumsy 1, speed 1, shaggy fur 2,
slow metabolism 1, weak 1, sharp paws
a: Renounce Religion


You were on level 4 of the Dungeon.
You worshipped Xom.
You were a beloved toy of Xom.
You were not hungry.

You visited 1 branch of the dungeon, and saw 4 of its levels.

You collected 76 gold pieces.

Inventory:

Jewellery
 b - a +2 ring of strength (left paw)
Scrolls
 c - 2 scrolls of amnesia {unknown}
 d - 3 scrolls of identify {unknown}
 f - a scroll of fog {unknown}
 g - 2 scrolls of enchant weapon {unknown}
 i - a scroll of fear {unknown}
Comestibles
 a - 2 rations


   Skills:
 - Level 3.0 Fighting
 - Level 3.2 Dodging
 + Level 5.5 Unarmed Combat


You had 2 spell levels left.
You didn't know any spells.

Dungeon Overview and Level Annotations

Branches:
Dungeon (4/15)
 Temple: D:4-7

Altars:
Xom

Annotations:
D:1 1 runed door
D:3 Grinder; anp's ghost, amateur GnTm


Innate Abilities, Weirdness & Mutations

You cannot wear armour.
You are incapable of wielding weapons or throwing items.
Your paws allow you to move quietly. (Stealth)
You have sharp claws.
You have razor-sharp teeth.
You have supernaturally acute eyesight. (SInv)
You are carnivorous and can eat meat at any time.
You cover ground quickly.
You are covered in thick fur. (AC +2)
You have a slow metabolism.
Your sharp claws are effective at attacking unaware monsters.
You are partially covered in slimy green scales. (AC +2)
You are clumsy. (Dex -2)
You are weak. (Str -2)


Message History

You scratch the howler monkey zombie but do no damage.
The howler monkey zombie is heavily damaged.
The bullfrog zombie closely misses you. The howler monkey zombie hits you.
* * * LOW HITPOINT WARNING * * *
A shower of butterflies erupts from you!
You claw the howler monkey zombie!
The howler monkey zombie is severely damaged.
The bullfrog zombie hits you but does no damage.
The howler monkey zombie completely misses you.
You scratch the howler monkey zombie.
The howler monkey zombie is severely damaged.
The bullfrog zombie misses you.
You swap places.
The bullfrog zombie closely misses your butterfly.
The howler monkey zombie closely misses your butterfly.
Something closely misses your butterfly.
You swap places.
The bullfrog zombie hits you.
You die...
Xom guffaws!

......P........##
............
.....8.....##
............#
............#
............####
...............#
.......>....##.#
...........@.#Z#
...........#Z#.###.##
...........#bb......#
...........##.###....#
...........##..# ...#
...........###.# ..#
##.........# .# .#
##..####### .. # ##.
#.#


You could see a bullfrog zombie.

Vanquished Creatures
  An orc priest (D:3)
  A worker ant zombie (D:4)
  A worm (D:3)
  2 dart slugs
  2 leopard geckos
  4 orcs
  11 bats
  A giant cockroach (D:1)
  8 goblins
  6 hobgoblins
  4 jackals
  7 kobolds
  A quokka (D:3)
  4 frilled lizards
  A jackal zombie (D:4)
  A quokka zombie (D:4)
  4 rats
59 creatures vanquished.

Vanquished Creatures (collateral kills)
  A rat (D:3)
1 creature vanquished.

Grand Total: 60 creatures vanquished

Notes
Turn   | Place    | Note
-------+----------+-------------------------------------------
     0 | D:1      | inc the Felid Chaos Knight began the quest for the Orb.
     0 | D:1      | Reached XP level 1. HP: 10/10 MP: 2/2
     0 | D:1      | Noticed a jelly
     1 | D:1      | Found a runed door.
    11 | D:1      | XOM: butterfly on damage
    36 | D:1      | XOM: silly message
   109 | D:1      | XOM: potion effect (curing)
   275 | D:1      | XOM: divination: detect items
   428 | D:1      | Reached XP level 2. HP: 14/14 MP: 3/3
   556 | D:1      | XOM: harmless Tloc miscast
   606 | D:1      | Reached skill level 4 in Unarmed Combat
   646 | D:1      | XOM: harmless Tmut miscast
   952 | D:1      | Reached XP level 3. HP: 17/17 MP: 4/4
  1083 | D:2      | Found a shimmering altar of Xom.
  1088 | D:2      | XOM is BORED!
  1088 | D:2      | XOM: harmless Necr miscast
  1130 | D:2      | Gained mutation: You are weak. (Str -2) [potion of mutation]
  1130 | D:2      | Gained mutation: You expend magic power (3 MP) to strengthen your wands. [potion of mutation]
  1130 | D:2      | Gained mutation: You are covered in thick fur. (AC +2) [potion of mutation]
  1373 | D:2      | XOM: harmless Erth miscast
  1468 | D:2      | XOM: mild Fire miscast
  1478 | D:3      | Noticed anp's ghost (amateur GnTm)
  1479 | D:3      | XOM: confuse monster(s)
  1487 | D:3      | XOM: confuse monster(s)
  1498 | D:3      | XOM: noise
  1499 | D:3      | XOM: butterfly on damage
  1500 | D:3      | XOM: cast spell 'Call Canine Familiar'
  1501 | D:3      | XOM: cast spell 'Call Canine Familiar'
  1502 | D:3      | XOM: harmless Ice miscast
  1594 | D:2      | XOM: divination: detect creatures
  1757 | D:3      | XOM: divination: detect creatures
  1893 | D:2      | XOM: noise
  2119 | D:2      | XOM: give mutations
  2119 | D:2      | Gained mutation: You are partially covered in slimy green scales. (AC +2) [Xom's mischief]
  2119 | D:2      | Lost mutation: You expend magic power (3 MP) to strengthen your wands. [Xom's mischief]
  2119 | D:2      | Gained mutation: You are clumsy. (Dex -2) [Xom's mischief]
  2465 | D:3      | XOM: destruction
  2774 | D:3      | Reached XP level 4. HP: 17/21 MP: 5/5
  2791 | D:3      | Reached skill level 5 in Unarmed Combat
  2816 | D:3      | Noticed Grinder
  2817 | D:3      | XOM: confuse monster(s)
  2855 | D:3      | Killed from afar by Grinder
  2856 | D:3      | Reached XP level 3. HP: -3/17 MP: 4/4
  2880 | D:4      | Noticed a scorpion
  2883 | D:4      | XOM: 3-stop teleportation journey
  2922 | D:4      | XOM: cast spell 'Alistair's Intoxication'
  2925 | D:4      | XOM: butterfly on damage
  2931 | D:4      | Slain by a bullfrog zombie

Skill      XL: |  1  2  3  4 |
---------------+-------------+-----
Unarmed Combat | 4 5 |  5.5
Fighting       | |  3.0
Dodging        | |  3.2

Action                   |  1- 3 |  4- 6 || total
-------------------------+-------+-------++-------
Melee: Unarmed           |   171 |    26 ||   197
       Bite              |     6 |     1 ||     7
       Punch             |     4 |       ||     4
  Use: Potion            |     2 |       ||     2
       Scroll            |       |     2 ||     2
 Stab: Sleeping          |     6 |       ||     6
  Eat: Chunk             |     3 |     2 ||     5
Armor: Skin              |    26 |     4 ||    30
Dodge: Dodged            |   202 |    19 ||   221
